 Dungeon Crawl Stone Soup version 0.18.1-48-g4cf74bf (webtiles) character file.

1325 nikopol the Poker (level 8, -6/105 HPs)
             Began as a Minotaur Berserker on July 9, 2016.
             Was a Priest of Trog.
             Mangled by an orc warrior
             ... wielding a +0 glaive
              (21 damage)
             ... on level 6 of the Dungeon.
             The game lasted 00:13:18 (4948 turns).

nikopol the Poker (Minotaur Berserker)              Turns: 4948, Time: 00:13:19

Health: -6/105     AC:  6    Str: 27    XL:     8   Next: 34%
Magic:  7/7        EV: 13    Int:  4    God:    Trog [***...]
Gold:   319        SH:  0    Dex: 12    Spells: 0 memorised, 7 levels left

rFire  . . .     SeeInvis .     x - +2 spear (flame)
rCold  . . .     Gourm    .     j - +0 ring mail
rNeg   . . .     Faith    .     (no shield)
rPois  .         Spirit   .     (helmet restricted)
rElec  .         Dismiss  .     (no cloak)
rCorr  .         Reflect  .     (no gloves)
SustAt .         Harm     .     (no boots)
MR     .....                    (no amulet)
Stlth  ..........               (no ring)
                                (no ring)

@: berserking, very quick, not resistant to hostile enchantments, extremely
unstealthy
A: retaliatory headbutt, horns 2
a: Berserk, Trog's Hand, Burn Spellbooks, Renounce Religion


You were on level 6 of the Dungeon.
You worshipped Trog.
Trog was most pleased with you.
You were hungry.

You visited 1 branch of the dungeon, and saw 6 of its levels.

You collected 371 gold pieces.
You spent 52 gold pieces at shops.

Inventory:

Hand Weapons
 c - a +0 shortbow
 x - a +2 spear of flaming (weapon)
 y - a +0 spear
Missiles
 r - 38 arrows (quivered)
Armour
 b - a +0 animal skin
 j - a +0 ring mail (worn)
Wands
 a - a wand of digging (8/24)
 v - a wand of enslavement (13/24)
Scrolls
 e - 2 scrolls of enchant armour {unknown}
 h - 9 scrolls of identify {unknown}
 i - 4 scrolls of remove curse {unknown}
 k - 2 scrolls of enchant weapon {unknown}
 s - 3 scrolls of recharging {unknown}
 u - 3 scrolls of teleportation {unknown}
Potions
 f - a potion of degeneration {unknown}
 g - 2 potions of agility {unknown}
 l - 4 potions of lignification {unknown}
 m - a potion of might {unknown}
 n - 2 potions of brilliance {unknown}
 o - a potion of curing {unknown}
 q - 2 potions of resistance {unknown}
 t - 2 potions of invisibility {unknown}
 z - a potion of haste {unknown}
 A - 2 potions of magic {unknown}
Comestibles
 d - 4 meat rations
 p - 2 bread rations


   Skills:
 + Level 6.1 Fighting
 * Level 7.4 Polearms
 * Level 5.1 Bows
 + Level 5.3 Armour
 + Level 4.9 Dodging


You had 7 spell levels left.
You didn't know any spells.

Dungeon Overview and Level Annotations

Branches:
Dungeon (6/15)
 Temple: D:4-7

Altars:
Cheibriados
Sif Muna

Shops:
D:5 **


Innate Abilities, Weirdness & Mutations

You reflexively headbutt those who attack you in melee.
You have a pair of horns on your head.


Message History

You hit the orc wizard. You burn the orc wizard.
You kill the orc wizard!
Trog accepts your kill.
Trog appreciates your killing of a magic user.
The orc warrior hits you with a glaive!!
You hit the orc warrior. You burn the orc warrior.
The orc warrior is lightly wounded.
The orc warrior barely misses you. You furiously retaliate!
You headbutt the orc warrior.
You hit the orc warrior but do no damage.
The orc warrior is moderately wounded.
You closely miss the orc warrior. You headbutt the orc warrior!
The orc warrior is heavily wounded.
The orc warrior hits you with a glaive!!
* * * LOW HITPOINT WARNING * * *
A red film seems to cover your vision as you go berserk!
You feel yourself moving faster!
You feel mighty!
You are feeling hungry.
The orc warrior hits you with a glaive!!
You die...

#. #...# ...
###.# #.(.##
.....###....#
............##
(............#
(.........(#.# #
....(....(.#.#.#
##.()†.(.#.#.#
(# ##.#@.).#...#
.(
#.o#.......###
#.>##+..........
#..###)......##
.. #........#>..
.# #.#......####
# ##)....#
#######


You could see an orc warrior.

Vanquished Creatures
  Grinder (D:5)
  Menkaure (D:5)
  An ice beast (D:5)
  An ogre (D:5)
  A centaur (D:6)
  The ghost of daning the Charmwright, an amateur HESk (D:4)
  A gnoll sergeant (D:5)
  A crimson imp (D:6)
  2 orc priests
  4 orc wizards
  A hound (D:5)
  A centaur skeleton (D:5)
  2 giant frog skeletons
  An iguana (D:5)
  A worker ant (D:5)
  A worker ant zombie (D:5)
  9 gnolls (D:5)
  4 adders
  A shadow imp (D:5)
  An adder skeleton (D:5)
  A worm (D:3)
  4 dart slugs
  4 giant geckos
  18 orcs
  4 giant cockroaches
  12 goblins
  4 hobgoblins
  6 jackals
  3 kobolds
  2 quokkas
  7 bats
  4 giant newts
  A jackal skeleton (D:4)
  A jackal zombie (D:3)
  6 rats
113 creatures vanquished.

Vanquished Creatures (others)
  An orc wizard (D:4)
1 creature vanquished.

Grand Total: 114 creatures vanquished

Notes
Turn   | Place    | Note
--------------------------------------------------------------
     0 | D:1      | nikopol the Minotaur Berserker began the quest for the Orb.
     0 | D:1      | Reached XP level 1. HP: 19/19 MP: 0/0
   200 | D:1      | Reached XP level 2. HP: 27/27 MP: 1/1
   955 | D:2      | Found a snail-covered altar of Cheibriados.
   999 | D:2      | Reached skill level 4 in Polearms
   999 | D:2      | Reached XP level 3. HP: 32/33 MP: 2/2
  1014 | D:2      | Reached ** piety under Trog
  1407 | D:3      | Found a deep blue altar of Sif Muna.
  1506 | D:3      | Reached XP level 4. HP: 30/41 MP: 3/3
  2275 | D:3      | Reached *** piety under Trog
  2468 | D:4      | Reached skill level 1 in Bows
  2468 | D:4      | Reached XP level 5. HP: 14/47 MP: 4/4
  2471 | D:4      | Reached skill level 5 in Polearms
  2480 | D:4      | Noticed daning's ghost (amateur HESk)
  2654 | D:4      | Killed daning's ghost
  2847 | D:4      | Reached XP level 6. HP: 49/55 MP: 5/5
  3585 | D:5      | Entered Level 5 of the Dungeon
  3628 | D:5      | Reached skill level 5 in Fighting
  3725 | D:5      | Reached XP level 7. HP: 40/61 MP: 6/6
  3746 | D:5      | Reached skill level 6 in Polearms
  3877 | D:5      | Found Xoiskun's General Store.
  4093 | D:5      | Found Cuarumn's Assorted Antiques.
  4102 | D:5      | Bought a glowing trident for 52 gold pieces
  4176 | D:5      | Noticed Menkaure
  4183 | D:5      | Killed Menkaure
  4390 | D:5      | Reached skill level 5 in Armour
  4401 | D:5      | Noticed Grinder
  4401 | D:5      | Paralysed by Grinder for 5 turns
  4414 | D:5      | Killed Grinder
  4414 | D:5      | Reached skill level 7 in Polearms
  4414 | D:5      | Reached XP level 8. HP: 22/70 MP: 7/7
  4869 | D:6      | Reached skill level 5 in Bows
  4899 | D:6      | Received a gift from Trog
  4948 | D:6      | Mangled by an orc warrior

Skill      XL: |  1  2  3  4  5  6  7  8 |
---------------+-------------------------+-----
Fighting       | 4 5 6 |  6.1
Polearms       | 4 5 7 |  7.4
Armour         | 3 4 5 |  5.3
Dodging        | 3 4 |  4.9
Bows           | 1 2 3 4 5 |  5.1

Action                   |  1- 3 |  4- 6 |  7- 9 || total
-------------------------+-------+-------+-------++-------
Melee: Spear             |   100 |   109 |    50 ||   259
       Headbutt          |    11 |    24 |    11 ||    46
 Fire: Shortbow          |       |    58 |    99 ||   157
Invok: Berserk           |       |     1 |     2 ||     3
 Stab: Sleeping          |     1 |       |       ||     1
  Eat: Chunk             |     2 |     3 |     5 ||    10
       Bread ration      |       |     1 |       ||     1
Armor: Animal skin       |     7 |       |       ||     7
       Ring mail         |    12 |    30 |    16 ||    58
Dodge: Dodged            |    42 |    62 |    31 ||   135
